 Dungeon Sprint DCSS version 0.26-a0-652-gafc20e3620 (webtiles) character file.

Game seed: 11691964633482364625

611 reriks the Cleaver (level 7, -5/109 HPs)
             Began as a Deep Dwarf Berserker on Oct 3, 2020.
             Was a Believer of Trog.
             Succumbed to Sonja's poison
             ... in the Dungeon (Sprint I: "Red Sonja").
             The game lasted 00:03:12 (1391 turns).

reriks the Cleaver (Deep Dwarf Berserker)           Turns: 1391, Time: 00:03:13

Health: -5/109     AC:  7    Str: 22    XL:     7   Next: 20%
Magic:  2/2        EV: 15    Int:  8    God:    Trog [**....]
Gold:   438        SH:  0    Dex: 12    Spells: 6/6 levels left

rFire    . . .     SeeInvis .   a - +0 hand axe
rCold    . . .     Faith    .   (no shield)
rNeg     . . .     Spirit   .   j - +0 ring mail
rPois    .         Reflect  .   (no helmet)
rElec    .         Harm     .   (no cloak)
rCorr    .         Rampage  .   (no gloves)
MR       +....     NoTele   +   (no boots)
Stlth    ..........             (no amulet)
HPRegen  0.00/turn              (no ring)
MPRegen  0.08/turn              (no ring)

@: berserking, lethally poisoned (-5 -> -127), non-regenerating, very quick
A: damage resistance, heal wounds, sense surroundings 1, no regeneration
a: Heal Wounds, Berserk, Trog's Hand, Renounce Religion


You were in the Dungeon.
You worshipped Trog.
Trog was pleased with you.
You visited 1 branch You collected 438 gold pieces.

Inventory:

Hand Weapons
 a - a +0 hand axe (weapon)
Armour
 b - a +0 animal skin
 j - a +0 ring mail (worn)
Wands
 i - a wand of random effects (16)
Scrolls
 h - a scroll of blinking
 k - a scroll of identify {unknown}
Potions
 f - 2 potions of magic
 g - a potion of berserk rage


   Skills:
 + Level 7.7 Fighting
 + Level 9.2 Axes
 + Level 8.9 Armour
 + Level 8.9 Dodging


You had 6 spell levels left.
You didn't know any spells.
Your spell library was empty.

Dungeon Overview and Level Annotations

Branches:
Dungeon (1/1)

Altars:
Cheibriados
Dithmenos
Elyvilon
Fedhas
Gozag
Hepliaklqana
Kikubaaqudgha
Makhleb
Nemelex Xobeh
Okawaru
Qazlal
Ru
Sif Muna
Trog
Uskayaw
Vehumet
Wu Jian
Xom
Yredelemnul
Zin
The Shining One
Jiyva
Lugonu

Shops:
D *

Annotations:
D Sonja


Innate Abilities, Weirdness & Mutations

You are resistant to damage.
You can heal yourself by infusing magical energy.
You passively map a small area around you.
You do not regenerate.


Message History

Sonja misses you.
Sonja hits you with a +0 short sword of venom. x2
* * * LOW HITPOINT WARNING * * *
A red film seems to cover your vision as you go berserk!
You feel yourself moving faster!
You feel mighty!
* * * LOW HITPOINT WARNING * * *
You feel extremely sick. Sonja hits you but does no damage.
You are more poisoned.
Sonja barely misses you. Sonja closely misses you.
You miss Sonja.
Sonja is severely wounded.
* * * LOW HITPOINT WARNING * * *
You feel very sick. Sonja hits you but does no damage.
You are more poisoned.
Sonja misses you. Sonja barely misses you.
You miss Sonja.
Sonja is severely wounded.
You die...

######################
#<.#..)..#.)'..#__#..+
#..'..#..'..#..'..'..#
#..#####'#####'#__####,
, #..####..#...#.####,
** * #..#__####..##.# ≈
, #..#_____##'#_.+ ≈
#⌠⌠#_.∩...K@(._# ,,
####_..__##_.#(#
,,#_____###'#.# ,*
####### #.###*+ * ∩ ,
,+$.$ +++* $.$# * , ,
##.##* , ,, , #+# * ,,
,, *


You could see Sonja.

Vanquished Creatures
  A slime creature (D)
  Sigmund (D)
  A yak (D)
  An ogre (D)
  A jelly (D)
  Ijyb (D)
6 creatures vanquished.

Vanquished Creatures (others)
  A gargoyle (D)
1 creature vanquished.

Grand Total: 7 creatures vanquished

Notes
Turn   | Place    | Note
-------+----------+-------------------------------------------
     0 | D        | reriks the Deep Dwarf Berserker began the quest for the
                  | Orb.
     0 | D        | Reached XP level 1. HP: 20/20 MP: 1/1
     1 | D        | Noticed Ijyb
     9 | D        | Killed Ijyb
     9 | D        | Reached skill level 4 in Axes
     9 | D        | Reached XP level 2. HP: 30/30 MP: 2/2
    64 | D        | Noticed an ogre
    71 | D        | Killed an ogre
    71 | D        | Reached skill level 6 in Axes
    71 | D        | Reached skill level 5 in Armour
    71 | D        | Reached skill level 5 in Dodging
    71 | D        | Reached XP level 3. HP: 30/38 MP: 3/3
    71 | D        | Reached XP level 4. HP: 35/45 MP: 4/4
   523 | D        | Noticed Sigmund
   532 | D        | Killed Sigmund
   532 | D        | Reached ** piety under Trog
   532 | D        | Reached skill level 7 in Axes
   532 | D        | Reached XP level 5. HP: 55/55 MP: 4/4
   732 | D        | Killed a gargoyle
   886 | D        | Found an ornate altar of the Wu Jian Council.
   886 | D        | Found a shimmering blue altar of Sif Muna.
   888 | D        | Found a radiant altar of Vehumet.
   892 | D        | Reached XP level 6. HP: 55/63 MP: 5/5
  1021 | D        | Found Xulekhl Kionk's General Store.
  1021 | D        | Found an ancient bone altar of Kikubaaqudgha.
  1021 | D        | Found a hazy altar of Hepliaklqana.
  1021 | D        | Found a hide-covered altar of Uskayaw.
  1021 | D        | Found a basalt altar of Yredelemnul.
  1021 | D        | Found an opulent altar of Gozag.
  1021 | D        | Found a snail-covered altar of Cheibriados.
  1021 | D        | Found a sacrificial altar of Ru.
  1021 | D        | Found a shadowy altar of Dithmenos.
  1021 | D        | Noticed a yak
  1034 | D        | Killed a yak
  1034 | D        | Reached skill level 8 in Axes
  1035 | D        | Found a stormy altar of Qazlal.
  1035 | D        | Found a blossoming altar of Fedhas.
  1035 | D        | Found a bloodstained altar of Trog.
  1035 | D        | Found an iron altar of Okawaru.
  1035 | D        | Found a glowing golden altar of the Shining One.
  1035 | D        | Found a glowing silver altar of Zin.
  1035 | D        | Found a white marble altar of Elyvilon.
  1037 | D        | Found a sparkling altar of Nemelex Xobeh.
  1053 | D        | Found a burning altar of Makhleb.
  1053 | D        | Found a viscous altar of Jiyva.
  1053 | D        | Found a shimmering altar of Xom.
  1053 | D        | Found a corrupted altar of Lugonu.
  1053 | D        | Noticed a slime creature
  1068 | D        | Killed a slime creature
  1068 | D        | Reached skill level 9 in Axes
  1068 | D        | Reached XP level 7. HP: 35/73 MP: 6/6
  1326 | D        | Noticed Sonja
  1390 | D        | HP: 1/109 [poisoned by Sonja]
  1391 | D        | Succumbed to Sonja's poison

Illustrated notes

Levels and vault maps discovered:
D:        dungeon_sprint_1 [red_sonja_temple_1, red_sonja_temple_small_1]

Skill      XL: |  1  2  3  4  5  6 |
---------------+-------------------+-----
Fighting       | 3 4 6 7 |  7.7
Axes           | 4 6 7 9 |  9.2
Armour         | 3 5 7 8 |  8.9
Dodging        | 3 5 7 8 |  8.9

Action                   |  1- 3 |  4- 6 |  7- 9 || total
-------------------------+-------+-------+-------++-------
Melee: Hand axe          |    12 |    36 |    32 ||    80
Invok: Berserk           |     2 |     2 |     2 ||     6
       Trog's Hand       |       |       |     1 ||     1
 Abil: Heal Wounds       |       |     4 |    17 ||    21
  Use: Potion            |       |       |     3 ||     3
Armor: Animal skin       |     1 |       |       ||     1
       Ring mail         |       |     5 |    44 ||    49
Dodge: Dodged            |     3 |    12 |    76 ||    91

Table legend: (Time is in decaauts)
 A = Elapsed time spent in this place.
 B = Non-inter-level travel time spent in this place.
 C = Inter-level travel time spent in this place.
 D = Time resting spent in this place.
 E = Time spent auto-exploring this place.
 F = Levels seen in this place.
 G = Mean time per level.
                   A        B        C        D        E       F      G
               +--------+--------+--------+--------+--------+-----+--------+
         Total |   1416 |   1416 |      0 |   1186 |      0 |   1 | 1416.0 |
       Dungeon |   1416 |   1416 |      0 |   1186 |      0 |   1 | 1416.0 |
               +--------+--------+--------+--------+--------+-----+--------+

Top non-repeatable levels by time:
       D: 1416 daAuts
